 Dungeon Crawl Stone Soup version 0.30-a0-913-g9934a0ce24 (webtiles) character file.

Game seed: 17295075945455669552

191 DeathPants the Shield-Bearer (level 5, -2/28 HPs)
             Began as a Vine Stalker Fighter on Mar 19, 2023.
             Slain by an ogre
             ... wielding a +0 giant club
              (18 damage)
             ... on level 4 of the Dungeon.
             The game lasted 00:11:09 (2403 turns).

DeathPants the Shield-Bearer (Vine Stalker Fighter) Turns: 2403, Time: 00:11:09

Health: -2/28      AC: 12    Str: 18    XL:     5   Next: 70%
Magic:  0/6        EV: 10    Int:  8    God:
Gold:   41         SH:  5    Dex: 16    Spells: 4/4 levels left

rFire   . . .      SeeInvis .    a - +0 rapier
rCold   . . .      Faith    .    c - +0 buckler
rNeg    . . .      Spirit   +    b - +0 scale mail
rPois   .          Reflect  .    d - +2 helmet
rElec   .          Rampage  .    (no cloak)
rCorr   .                        i - +1 pair of gloves
Will    .....                    g - +0 pair of boots
Stlth   +                        (no amulet)
HPRegen 1.04/turn                (no ring)
MPRegen 0.10/turn                (no ring)

@: no status effects
A: fangs 2, regeneration 1, magic shield, antimagic bite, no potion heal 2,
hooves 1, wild magic 1, MP-powered wands, sturdy frame 1
a: no special abilities


You were on level 4 of the Dungeon.
You visited 1 branch of the dungeon, and saw 4 of its levels.

You collected 61 gold pieces.
You spent 20 gold pieces at shops.

Inventory:

Hand Weapons
 a - a +0 rapier (weapon)
Missiles
 l - a boomerang of dispersal (quivered)
Armour
 b - a +0 scale mail (worn)
 c - a +0 buckler (worn)
 d - a +2 helmet (worn)
 g - a +0 pair of boots (worn)
 i - a +1 pair of gloves (worn)
Potions
 h - 4 potions of attraction
 j - 3 potions of curing
 n - a potion of invisibility {unknown}
 q - a potion of magic {unknown}
 r - a potion of lignification {unknown}
 s - a potion of degeneration {unknown}


   Skills:
 + Level 3.6 Fighting
 * Level 3.0 Short Blades
 - Level 2.4 Armour
 + Level 1.9 Dodging
 + Level 3.6 Shields


You had 4 spell levels left.
You didn't know any spells.
Your spell library contained the following spells:

 Spells                   Type           Power      Damage    Failure   Level
 Cigotuvi's Dreadful Rot  Necr/Pois/Air  0%         N/A       92%         2
 Poisonous Vapours        Pois/Air       0%         N/A       92%         2
 Mephitic Cloud           Conj/Pois/Air  0%         N/A       99%         3


Dungeon Overview and Level Annotations

Branches:
Dungeon (4/15)
 Temple: D:4-7

Altars:

Shops:
D:1 *   D:3 *=**


Innate Abilities, Weirdness & Mutations

You have extremely sharp teeth.
Your natural rate of healing is unusually fast.
When hurt, damage is shared between your health and your magic reserves.
Your bite disrupts and absorbs the magic of your enemies.
Potions cannot restore your health.
You have large cloven feet.
Your spells are a little harder to cast, but a little more powerful.
You expend magic power (3 MP) to strengthen your wands.
Your movements are slightly less encumbered by armour. (ER -2)


Message History

Magic quickly surges around you.
It was a scroll of vulnerability.
The giant cockroach barely misses you. The ogre barely misses you.
The quokka completely misses you.
It was a potion of curing.
That felt strangely inert.
You block the giant cockroach's attack. The quokka barely misses you.
The ogre completely misses you.
Okay, then.
As you read the scroll labelled PUDE MOTAK, it crumbles to dust.
The creatures around you are filled with an inner flame!
It was a scroll of immolation.
The giant cockroach barely misses you.
The quokka bites you but does no damage.
The giant cockroach bites you but does no damage.
As you read the scroll labelled VUGYKKU WIOBAO, it crumbles to dust.
It is a scroll of amnesia.
You feel forgetful for a moment.
The quokka bites you but does no damage.
The ogre hits you with a +0 giant club. The giant cockroach barely misses you.
The orc hits you with a +0 mace. The quokka bites you.
The air fills with toxic fumes!
As you read the scroll labelled OBIEHY VIHA, it crumbles to dust.
It was a scroll of poison.
You block the giant cockroach's attack.
The quokka bites you but does no damage.
The orc closely misses you. The ogre barely misses you.
Really stalk into that cloud of poison gas?
Okay, then.
It was a potion of cancellation.
Your magical effects are unravelling.
You feel magically purged.
You feel your willpower return. The giant cockroach closely misses you.
The quokka closely misses you. The orc closely misses you.
It was a potion of mutation.
You feel extremely strange.
You feel your magical essence link to the dungeon's wands.
You feel less encumbered by your armour.
You feel less in control of your magic.
Your feet thicken and deform.
The giant cockroach bites you but does no damage.
The quokka barely misses you.
The ogre hits you with a +0 giant club!!
Ouch! That really hurt!
You die...

................#.. ....
###.###.##§§§§..#§#§§§§.
###.# #.##.§§§..#§#§§§.§
....# #..§..§§###§#§§.§§
##### ####§##§§§§§§§.§§§
#..§§§§§§§§§§#§§§§
#.##.#§§§§§§§§§§..
#.##§#§§§oOr§#§###
#.##§§§§§§@B§§§§§#
#.##§§§§§§§§§§§§§#
#.##§#§§§§§§§§§§§#
#..§§§§§§§§§§§§§§#
####§#######§§§§§# #.#
###§§§ ####.#### §##
#.).....# # #<##.##.#


You could see an ogre (inner flame, weak-willed), an orc (inner flame,
weak-willed), a quokka (inner flame, weak-willed) and a giant cockroach (inner
flame, weak-willed).

Vanquished Creatures
  Jessica (D:2)
  An iguana (D:3)
  Robin (D:2)
  3 adders
  A worm (D:3)
  A dart slug (D:1)
  An orc (D:2)
  6 endoplasms
  4 giant cockroaches
  17 hobgoblins
  3 jackals (D:2)
  4 quokkas
  7 ball pythons
  6 bats
  3 frilled lizards
  17 goblins
  3 kobolds (D:1)
  7 rats
86 creatures vanquished.

Notes
Turn   | Place    | Note
-------+----------+-------------------------------------------
     0 | D:1      | DeathPants the Vine Stalker Fighter began the quest for the
                  | Orb.
     0 | D:1      | Reached XP level 1. HP: 11/11 MP: 2/2
   120 | D:1      | Reached XP level 2. HP: 16/16 MP: 3/3
   217 | D:1      | Found a faded altar of an unknown god.
   377 | D:1      | Reached XP level 3. HP: 20/20 MP: 4/4
   549 | D:1      | Found Laigim's Assorted Antiques.
   650 | D:1      | Reached skill level 1 in Dodging
   770 | D:2      | Noticed Robin
   809 | D:2      | Killed Robin
   810 | D:2      | Gained mutation: Your natural rate of healing is unusually
                  | fast. [Vine Stalker growth]
   810 | D:2      | Reached XP level 4. HP: 14/24 MP: 2/5
  1773 | D:2      | Noticed Jessica
  1780 | D:2      | Killed Jessica
  1781 | D:2      | Reached XP level 5. HP: 28/28 MP: 6/6
  2017 | D:3      | Found Icuwikub's General Store.
  2038 | D:3      | Bought a scroll of identify for 20 gold pieces
  2083 | D:3      | Found Kotabof's Jewellery Shop.
  2085 | D:3      | Found Asaffed's Assorted Antiques.
  2175 | D:3      | Found Heonon's Assorted Antiques.
  2253 | D:3      | Noticed an ogre
  2337 | D:4      | Noticed an ogre
  2403 | D:4      | Gained mutation: You expend magic power (3 MP) to
                  | strengthen your wands. [potion of mutation]
  2403 | D:4      | Gained mutation: Your movements are slightly less
                  | encumbered by armour. (ER -2) [potion of mutation]
  2403 | D:4      | Gained mutation: Your spells are a little harder to cast,
                  | but a little more powerful. [potion of mutation]
  2403 | D:4      | Gained mutation: You have large cloven feet. [potion of
                  | mutation]
  2403 | D:4      | Slain by an ogre

Illustrated notes

Levels and vault maps discovered:
D:1:      roderic_chinese_lattice_arrival, layout_loops_ring, serial_shops,
          shop, hellmonk_ecumenical_altar_leap_of_faith, minmay_hexomino_u4
D:2:      layout_basic, uniq_jessica, uniq_robin
D:3:      layout_basic, serial_shops, shop_statue, shop_statue,
          nicolae_shop_temple_entry_statues_fountains, shop, shop_fountains,
          uniq_ijyb
D:4:      layout_loops_cross

Skill      XL: |  1  2  3  4  5 |
---------------+----------------+-----
Short Blades   | 2 3 |  3.0
Shields        | 3 |  3.6
Fighting       | 3 |  3.6
Dodging        | 1 |  1.9
Armour         | |  2.4

Action                     |  1- 3 |  4- 6 || total
---------------------------+-------+-------++-------
  Melee: Rapier            |   131 |   134 ||   265
         Bite              |    27 |    35 ||    62
  Throw: Boomerang         |       |     2 ||     2
    Use: Potion            |     1 |     3 ||     4
         Scroll            |       |     6 ||     6
 Armour: Scale mail        |    59 |    64 ||   123
  Dodge: Dodged            |    57 |    67 ||   124
  Block: Buckler           |    32 |    32 ||    64

Table legend: (Time is in decaauts)
 A = Elapsed time spent in this place.
 B = Non-inter-level travel time spent in this place.
 C = Inter-level travel time spent in this place.
 D = Time resting spent in this place.
 E = Time spent auto-exploring this place.
 F = Levels seen in this place.
 G = Mean time per level.
                   A        B        C        D        E       F      G
               +--------+--------+--------+--------+--------+-----+--------+
         Total |   2442 |   2424 |     18 |     10 |   1561 |   4 |  610.5 |
       Dungeon |   2442 |   2424 |     18 |     10 |   1561 |   4 |  610.5 |
               +--------+--------+--------+--------+--------+-----+--------+

Top non-repeatable levels by time:
     D:2: 1183 daAuts
     D:1: 768 daAuts
     D:3: 327 daAuts
     D:4: 162 daAuts
